 Dungeon Crawl Stone Soup version 0.21.1-1-g345015f (webtiles) character file.

345 infcreate the Grave Robber (level 6, -1/32 HPs)
             Began as a Deep Elf Necromancer on July 1, 2018.
             Slain by a hobgoblin (5 damage)
             ... on level 4 of the Dungeon.
             The game lasted 00:21:20 (3358 turns).

infcreate the Grave Robber (Deep Elf Necromancer)   Turns: 3358, Time: 00:21:21

Health: -1/32      AC:  2    Str:  5    XL:     6   Next: 32%
Magic:  11/17      EV: 13    Int: 22    God:
Gold:   93         SH:  0    Dex: 15    Spells: 9/18 levels left

rFire    . . .     SeeInvis .   (no weapon)
rCold    . . .     Gourm    .   (no shield)
rNeg     . . .     Faith    .   a - +0 robe
rPois    .         Spirit   .   (no helmet)
rElec    .         Reflect  .   (no cloak)
rCorr    .         Harm     .   (no gloves)
MR       .....                  (no boots)
Stlth    ++........             (no amulet)
HPRegen  0.10/turn              (no ring)
MPRegen  0.15/turn              (no ring)

@: lethally poisoned (-1 -> -13)
A: no striking features
a: no special abilities


You were on level 4 of the Dungeon.
You were not hungry.

You visited 1 branch of the dungeon, and saw 4 of its levels.

You collected 93 gold pieces.

Inventory:

Armour
 a - a +0 robe (worn)
Scrolls
 d - 7 scrolls of identify {unknown}
 h - a scroll of enchant armour {unknown}
 i - a scroll of fog {unknown}
 j - a scroll of remove curse {unknown}
 k - a scroll of amnesia {unknown}
 l - a scroll of teleportation {unknown}
 m - a scroll of noise {unknown}
Potions
 e - 2 potions of curing {unknown}
 f - 2 potions of heal wounds {unknown}
 g - a potion of haste {unknown}
 n - a potion of brilliance {unknown}
 o - a potion of lignification {unknown}
Books
 b - a book of Necromancy

   Spells                             Type                      Level
   a - Pain                           Necromancy                   1
   b - Animate Skeleton               Necromancy                   1
   c - Vampiric Draining              Necromancy                   3
   d - Regeneration                   Charms/Necromancy            3
   e - Animate Dead                   Necromancy                   4
   f - Borgnjor's Vile Clutch         Necromancy/Earth             5
Comestibles
 c - 8 rations


   Skills:
 + Level 2.5 Dodging
 + Level 2.6 Stealth
 + Level 6.6 Spellcasting
 + Level 7.3 Necromancy


You had 9 spell levels left.
You knew the following spells:

 Your Spells              Type           Power        Failure   Level  Hunger
a - Pain                  Necr           ####         1%          1    None
b - Animate Skeleton      Necr           N/A          1%          1    None
c - Regeneration          Chrm/Necr      ###.......   6%          3    #......
d - Animate Dead          Necr           N/A          4%          4    ###....


Dungeon Overview and Level Annotations

Branches:
Dungeon (4/15)
 Temple: D:4-7

Altars:
Okawaru
Sif Muna


Message History

Aim: an adder (chance to defeat MR: 89%)
The adder writhes in agony!
Something hits you but does no damage. The adder misses you.
The giant cockroach bites you but does no damage.
The adder misses you. Something hits you. The adder bites you.
You are poisoned.
The adder poisons you!
An ogre comes into view. It is wielding a giant club.
You feel sick. The adder bites you.
* * * LOW HITPOINT WARNING * * *
You are lethally poisoned!
The adder poisons you! The giant cockroach barely misses you.
* * * LOW HITPOINT WARNING * * *
You feel sick.
There is a stone staircase leading up here.
The adder bites you.
* * * LOW HITPOINT WARNING * * *
You are more poisoned.
The adder poisons you! The hobgoblin hits you.
You die...

.># #.. ..#.
##.O.. ....###
.#...
.#.....#####.†...
............).####
..................
#.......g.....###
#......@S...?...#
##.#....s.........
#.#########.#.? #
#


You could see an adder, a giant cockroach and a hobgoblin.

Vanquished Creatures
  Sigmund (D:2)
  An orc wizard (D:4)
  5 adders
  3 gnolls (D:3)
  A worm (D:3)
  A dart slug (D:1)
  6 leopard geckos
  8 orcs
  A giant cockroach (D:2)
  11 goblins
  6 hobgoblins
  A quokka (D:3)
  9 bats
  3 frilled lizards (D:3)
  4 kobolds
  7 rats
68 creatures vanquished.

Vanquished Creatures (collateral kills)
  An orc (D:3)
  A hobgoblin (D:2)
  A kobold (D:3)
3 creatures vanquished.

Grand Total: 71 creatures vanquished

Notes
Turn   | Place    | Note
-------+----------+-------------------------------------------
     0 | D:1      | infcreate the Deep Elf Necromancer began the quest for the Orb.
     0 | D:1      | Reached XP level 1. HP: 10/10 MP: 6/6
    37 | D:1      | Learned a level 1 spell: Animate Skeleton
    65 | D:1      | Reached skill level 5 in Necromancy
   258 | D:1      | Reached XP level 2. HP: 8/15 MP: 4/8
  1034 | D:2      | Noticed Sigmund
  1058 | D:2      | Reached XP level 3. HP: 14/19 MP: 3/10
  1374 | D:2      | Found an iron altar of Okawaru.
  1491 | D:2      | Reached XP level 4. HP: 19/24 MP: 8/12
  1567 | D:2      | Killed Sigmund
  1567 | D:2      | Reached skill level 6 in Necromancy
  1567 | D:2      | Reached XP level 5. HP: 17/28 MP: 3/15
  1700 | D:2      | Found a deep blue altar of Sif Muna.
  2424 | D:3      | Reached skill level 7 in Necromancy
  2528 | D:3      | Reached XP level 6. HP: 32/32 MP: 15/17
  3171 | D:3      | Learned a level 3 spell: Regeneration
  3176 | D:3      | Learned a level 4 spell: Animate Dead
  3358 | D:4      | Slain by a hobgoblin

Skill      XL: |  1  2  3  4  5 |
---------------+----------------+-----
Necromancy     | 5 6 7 |  7.3
Spellcasting   | 4 6 |  6.6
Dodging        | |  2.5
Stealth        | |  2.6

Action                   |  1- 3 |  4- 6 || total
-------------------------+-------+-------++-------
Melee: Unarmed           |       |     2 ||     2
 Cast: Pain              |    62 |    91 ||   153
       Animate Skeleton  |     3 |     8 ||    11
       Animate Dead      |       |     2 ||     2
  Eat: Chunk             |     2 |     5 ||     7
Armor: Robe              |     2 |     5 ||     7
Dodge: Dodged            |    11 |    22 ||    33
